 Dungeon Crawl Stone Soup version 0.26.0-15-gc6cd9f700b (webtiles) character file.

Game seed: 17764073246282620016

11042 pokeman the Thaumaturge (level 11, -1/62 HPs)
             Began as a Deep Elf Hedge Wizard on Jan 16, 2021.
             Was a Believer of Vehumet.
             Slain by a minotaur
             ... wielding a +2 bardiche of flaming
              (22 damage)
             ... in a Gauntlet.
             The game lasted 00:58:40 (14128 turns).

pokeman the Thaumaturge (Deep Elf Hedge Wizard)    Turns: 14128, Time: 00:58:40

Health: -1/62      AC:  9    Str: 13    XL:     11   Next: 44%
Magic:  29/40      EV: 13    Int: 23    God:    Vehumet [**....]
Gold:   971        SH:  0    Dex: 14    Spells: 21/39 levels left

rFire    + + .     SeeInvis .   y - +2 glaive (venom)
rCold    + . .     Faith    .   (shield currently unavailable)
rNeg     . . .     Spirit   .   D - +0 troll leather armour
rPois    +         Reflect  .   U - +1 helmet "Cucur" {rPois rF+ Regen+}
rElec    +         Harm     .   q - scarf {rC+ rF+}
rCorr    .         Rampage  .   m - +0 pair of gloves
Will     +....     NoTele   +   M - +0 pair of boots
Stlth    +++.......             v - amulet "Huiwobb" {RegenMP Str+6}
HPRegen  1.00/turn              R - ring of magical power
MPRegen  0.52/turn              b - ring "Qapronga" {+Fly rElec Slay+3 Stlth+}

@: no status effects
A: no striking features
a: Renounce Religion, Evoke Flight


You were in a Gauntlet.
You worshipped Vehumet.
Vehumet was pleased with you.
You visited 2 branches of the dungeon, and saw 12 of its levels.
You also visited: Ossuary, Bailey and Gauntlet.

You collected 971 gold pieces.

Inventory:

Hand Weapons
 y - a +2 glaive of venom (weapon)
 G - a +0 shortbow
Missiles
 d - 145 arrows
 A - 78 bolts
Armour
 m - a +0 pair of gloves (worn)
 q - a scarf of resistance (worn)
 D - a +0 troll leather armour (worn)
 M - a +0 pair of boots (worn)
 U - the +1 helmet "Cucur" (worn) {rPois rF+ Regen+}
   (You found it in a Gauntlet)

   It protects you from fire.
   It protects you from poison.
   It increases your rate of regeneration.
Magical Staves
 O - an uncursed staff of death
 S - an uncursed staff of air
Jewellery
 a - an uncursed amulet of the acrobat {unknown}
 b - the ring "Qapronga" (right hand) {+Fly rElec Slay+3 Stlth+}
   (You found it in a Gauntlet)

   [ring of stealth]

   It affects your accuracy and damage with ranged weapons and melee attacks
   (+3).
   It insulates you from electricity.
   It lets you fly.
   It makes you more stealthy.
 r - an uncursed amulet of faith
 u - an uncursed ring of resist corrosion
 v - the amulet "Huiwobb" (around neck) {RegenMP Str+6}
   (You found it on level 6 of the Dungeon)

   [amulet of magic regeneration]

   It increases your magic regeneration.
   It affects your strength (+6).
 K - an uncursed ring of wizardry
 R - a ring of magical power (left hand)
Wands
 t - a wand of disintegration (8)
 z - a wand of random effects (11)
Scrolls
 h - 2 scrolls of magic mapping
 i - 17 scrolls of identify
 j - 4 scrolls of blinking
 l - 6 scrolls of teleportation {unknown}
 n - a scroll of immolation {unknown}
 o - 5 scrolls of remove curse {unknown}
 E - a scroll of amnesia {unknown}
 H - a scroll of brand weapon {unknown}
 I - a scroll of enchant weapon {unknown}
 L - 3 scrolls of vulnerability {unknown}
 P - a scroll of noise {unknown}
 Q - a scroll of silence {unknown}
 T - 2 scrolls of enchant armour
Potions
 c - 2 potions of berserk rage
 e - 4 potions of might {unknown}
 f - 2 potions of mutation {unknown}
 g - 3 potions of haste
 k - 7 potions of curing
 p - 3 potions of flight {unknown}
 s - a potion of brilliance {unknown}
 w - 5 potions of degeneration {unknown}
 x - 4 potions of invisibility {unknown}
 C - a potion of cancellation {unknown}
 F - 3 potions of heal wounds
 J - 2 potions of resistance {unknown}
Miscellaneous
 N - a phial of floods


   Skills:
 + Level 4.7 Fighting
 - Level 4.1 Armour
 - Level 3.1 Dodging
 - Level 3.0 Stealth
 * Level 14.8 Spellcasting
 + Level 9.0 Conjurations
 - Level 1.1 Summonings
 - Level 1.1 Translocations
 + Level 8.4 Fire Magic
 - Level 1.0 Ice Magic
 - Level 1.0 Air Magic
 - Level 1.1 Poison Magic
 - Level 1.1 Evocations


You had 21 spell levels left.
You knew the following spells:

 Your Spells              Type           Power        Failure   Level
a - Magic Dart            Conj           100%         1%          1
b - Mephitic Cloud        Conj/Pois/Air  34%          2%          3
c - Call Imp              Summ           22%          4%          2
d - Blink                 Tloc           N/A          4%          2
e - Conjure Flame         Conj/Fire      55%          1%          3
f - Foxfire               Conj/Fire      100%         1%          1
g - Freezing Cloud        Conj/Ice/Air   17%          82%         6

Your spell library contained the following spells:

 Spells                   Type           Power        Failure   Level
 Sandblast                Erth           34%          4%          1
 Searing Ray              Conj           100%         1%          2
 Dazzling Flash           Conj/Hex       74%          1%          3
 Animate Skeleton         Necr           34%          4%          1
 Beastly Appendage        Tmut           34%          4%          1
 Pain                     Necr           68%          4%          1
 Poisonous Vapours        Pois/Air       42%          4%          2
 Iskenderun's Mystic Bla  Conj/Tloc      40%          5%          4
 Slow                     Hex            17%          6%          2
 Wereblood                Tmut           17%          6%          2
 Fulminant Prism          Conj/Hex       18%          6%          4
 Spider Form              Tmut/Pois      9%           10%         3
 Vampiric Draining        Necr           8%           13%         3
 Ice Form                 Ice/Tmut       19%          34%         4
 Animate Dead             Necr           8%           38%         4
 Agony                    Necr           17%          75%         5
 Blade Hands              Tmut           8%           75%         5


Dungeon Overview and Level Annotations

Branches:
Dungeon (11/15)            Temple (1/1) D:4            Lair (0/6) D:11
    Orc (0/2) D:10        Ossuary (visited)          Bailey (visited)
Gauntlet (1/1)

Altars:
Ashenzari
Cheibriados
Dithmenos
Elyvilon
Fedhas
Gozag
Hepliaklqana
Kikubaaqudgha
Makhleb
Nemelex Xobeh
Okawaru
Qazlal
Ru
Sif Muna
Trog
Uskayaw
Vehumet
Wu Jian
Xom
Yredelemnul
Zin
The Shining One

Shops:
D:7 :   D:9 [   D:11 [

Annotations:
Gauntlet 10 transporters


Message History

Press: ? - help, Shift-Dir - straight line, f/p - minotaur
Aim: a minotaur, wielding a +2 bardiche of flaming, wearing quicksilver dragon scales, wearing an uncursed ring of wizardry and quivering 13 javelins (noxious fumes, lightly wounded, confused, chance to affect: 0%)
The minotaur resists with almost no effort.
The minotaur is engulfed in noxious fumes.
The minotaur appears confused.
Casting: Mephitic Cloud (dangerous; 2% risk of failure)
Confirm with . or Enter, or press ? or * to list all spells.
A beastly little devil appears in a puff of flame.
The minotaur drinks a potion.
The minotaur goes berserk!
Casting: Call Imp (safe; 4% risk of failure)
Confirm with . or Enter, or press ? or * to list all spells.
A beastly little devil appears in a puff of flame.
Your crimson imp hits the minotaur but does no damage.
Unknown command.
Unknown command.
Unknown command.
Your crimson imp blinks!
The minotaur hits you with a +2 bardiche of flaming.
The minotaur gores you!!
You die...

#[.:# #8.8# ####[.!####
###8.#8.8#.8### #....#...#....
#.#..#8.8#..# #.#(.##'##5.#.#
#(..§H.(......# #.#.##@#.##.#.#
#.#..5.#....#.#
###.#.#######.#.###
#≈...............≈# ###
#8.8.8.8.8.8.8.8.8# ### #8#
#≈...............≈# #8#
##########.#########.##########
#§.......#[#..≈∩≈..#.#.......≈#
###........#©#.......#©#........#


You could see a minotaur (berserk, confused) and 2 friendly crimson imps.

Vanquished Creatures
  Harold (D:7)
  A hydra (D:10)
  2 two-headed ogres
  An unseen horror (D:10)
  An orc knight (Bailey)
  Pikel (D:5)
  2 manticores
  The ghost of Renzlar the Shield-Bearer, a novice GnFi (D:4)
  A troll (D:9)
  A yak (D:11)
  Sigmund (D:5)
  A wraith (D:8)
  2 swamp worms (Gauntlet)
  A water moccasin (D:8)
  6 orc warriors
  2 black bears
  3 phantoms
  6 ogres
  4 centaurs
  A lemure (D:5)
  5 elf zombies
  3 big kobolds
  A gnoll sergeant (D:6)
  6 bullfrogs
  A scorpion (D:7)
  A wyvern skeleton (D:10)
  A water moccasin skeleton (D:9)
  4 killer bees (D:8)
  A howler monkey (D:4)
  6 wights
  3 human zombies (D:9)
  A centaur zombie (D:9)
  6 hounds
  3 centaur skeletons
  2 gnoll shamans (D:7)
  9 orc priests
  2 jellies
  9 orc wizards
  2 bullfrog skeletons
  7 iguanas
  2 human skeletons (D:9)
  Natasha (D:4)
  6 worker ants
  2 big kobold zombies (Ossuary)
  2 ogre skeletons (D:9)
  An ogre zombie (D:9)
  A hound zombie (D:8)
  2 hound skeletons
  3 mummies
  18 gnolls
  2 adders
  A howler monkey skeleton (D:9)
  3 shadow imps
  3 white imps
  4 ufetubi
  An ooze (D:7)
  2 adder zombies (Ossuary)
  A worm (D:4)
  2 dart slugs
  7 leopard geckos
  44 orcs
  A ball python (D:3)
  3 giant cockroaches
  9 hobgoblins
  15 jackals
  7 quokkas
  3 bats
  3 frilled lizards
  7 goblins
  9 hobgoblin zombies (Ossuary)
  A jackal skeleton (D:4)
  A jackal zombie (Ossuary)
  32 kobolds
  10 kobold zombies (Ossuary)
  9 orc zombies (Ossuary)
  5 rats
  A rat zombie (Ossuary)
336 creatures vanquished.

Vanquished Creatures (collateral kills)
  3 orc warriors
  A hound (D:6)
  An orc priest (D:6)
  2 orcs
  A giant cockroach (D:6)
8 creatures vanquished.

Vanquished Creatures (others)
  123 foxfires
  6 fungi (Gauntlet)
  12 plants (Gauntlet)
  14 withered plants (Gauntlet)
155 creatures vanquished.

Grand Total: 499 creatures vanquished

Notes
Turn   | Place    | Note
-------+----------+-------------------------------------------
     0 | D:1      | pokeman the Deep Elf Hedge Wizard began the quest for the
                  | Orb.
     0 | D:1      | Reached XP level 1. HP: 10/10 MP: 7/7
   355 | D:1      | Reached XP level 2. HP: 16/16 MP: 2/9
  1192 | D:1      | Reached skill level 5 in Spellcasting
  1245 | D:1      | Reached XP level 3. HP: 13/20 MP: 0/11
  1250 | D:1      | Learned a level 3 spell: Mephitic Cloud
  1253 | D:1      | Learned a level 2 spell: Call Imp
  1256 | D:1      | Learned a level 2 spell: Blink
  1260 | D:1      | Learned a level 3 spell: Conjure Flame
  1609 | D:2      | Reached skill level 1 in Fighting
  1609 | D:2      | Reached skill level 1 in Armour
  1912 | D:2      | Found a faded altar of an unknown god.
  2151 | D:2      | Reached XP level 4. HP: 25/25 MP: 11/13
  2417 | D:2      | Found a sparkling altar of Nemelex Xobeh.
  2554 | D:2      | Found a bloodstained altar of Trog.
  2813 | D:3      | Found a burning altar of Makhleb.
  4003 | D:4      | You fall into a shaft and drop 2 floors!
  4005 | D:6      | Noticed an ogre
  4031 | D:6      | Reached skill level 1 in Fire Magic
  4037 | D:6      | Killed an ogre
  4038 | D:6      | Reached skill level 6 in Spellcasting
  4038 | D:6      | Reached XP level 5. HP: 26/29 MP: 4/15
  4201 | D:6      | Found a glowing silver altar of Zin.
  4286 | D:5      | Entered Level 5 of the Dungeon
  4291 | D:5      | Noticed a lemure
  4633 | D:6      | Reached XP level 6. HP: 26/34 MP: 0/17
  4687 | D:6      | Reached skill level 1 in Air Magic
  4812 | D:6      | Got a shimmering lead amulet
  4823 | D:6      | Identified the amulet "Huiwobb" {RegenMP Str+6} (You found
                  | it on level 6 of the Dungeon)
  4921 | D:6      | Noticed an orc warrior
  5120 | D:5      | Found a broken altar of Ashenzari.
  5137 | D:6      | Reached skill level 7 in Spellcasting
  5178 | D:6      | Noticed an orc warrior
  5224 | D:6      | Killed an orc warrior
  5225 | D:6      | Reached skill level 1 in Poison Magic
  5225 | D:6      | Reached skill level 1 in Evocations
  5355 | D:6      | Killed an orc warrior
  5365 | D:6      | Reached XP level 7. HP: 26/38 MP: 16/20
  5721 | D:6      | Reached skill level 8 in Spellcasting
  6169 | D:5      | Found a white marble altar of Elyvilon.
  6170 | D:5      | Noticed Pikel
  6179 | D:5      | Killed Pikel
  6180 | D:5      | Reached skill level 9 in Spellcasting
  6180 | D:5      | Reached XP level 8. HP: 40/45 MP: 19/23
  6182 | D:5      | Reached skill level 5 in Conjurations
  6417 | D:5      | Noticed Sigmund
  6437 | D:5      | Killed Sigmund
  6438 | D:5      | Reached skill level 10 in Spellcasting
  6723 | D:4      | Found a runed translucent door.
  6723 | D:4      | Noticed Renzlar's ghost (novice GnFi)
  7096 | D:4      | Found a staircase to the Ecumenical Temple.
  7102 | Temple   | Entered the Ecumenical Temple
  7332 | D:4      | Noticed Natasha
  7335 | D:4      | Killed Natasha
  7498 | D:4      | Killed Renzlar's ghost
  7499 | D:4      | Reached skill level 5 in Fire Magic
  7499 | D:4      | Reached XP level 9. HP: 50/50 MP: 12/25
  7918 | D:7      | Reached skill level 11 in Spellcasting
  8028 | D:7      | Found Vesy's Book Emporium.
  8091 | D:7      | Found a sand-covered staircase.
  8097 | Ossuary  | Entered an ossuary
  8820 | D:7      | Noticed Harold
  8840 | D:7      | Killed Harold
  8841 | D:7      | Reached skill level 12 in Spellcasting
  8841 | D:7      | Reached XP level 10. HP: 25/56 MP: 25/28
  9119 | D:8      | Noticed a manticore
  9129 | D:8      | Killed a manticore
  9317 | D:8      | Noticed a two-headed ogre
  9327 | D:8      | Killed a two-headed ogre
  9328 | D:8      | Reached skill level 13 in Spellcasting
  9413 | D:8      | Found a flagged portal.
  9454 | Bailey   | Entered a bailey
  9492 | Bailey   | Noticed an orc knight
  9679 | Bailey   | Killed an orc knight
  9869 | Bailey   | Found a burning altar of Makhleb.
  9904 | D:8      | Found a stormy altar of Qazlal.
 10745 | D:8      | Learned a level 6 spell: Freezing Cloud
 11130 | D:9      | Reached skill level 1 in Ice Magic
 11137 | D:9      | Found a radiant altar of Vehumet.
 11141 | D:9      | Found an ancient bone altar of Kikubaaqudgha.
 11145 | D:9      | Became a worshipper of Vehumet
 11175 | D:9      | Reached skill level 14 in Spellcasting
 11246 | D:9      | Reached XP level 11. HP: 61/61 MP: 26/31
 11387 | D:9      | Noticed a two-headed ogre
 11406 | D:9      | Killed a two-headed ogre
 11837 | D:9      | Found an ancient bone altar of Kikubaaqudgha.
 11844 | D:9      | Reached * piety under Vehumet
 11844 | D:9      | Offered knowledge of Foxfire by Vehumet.
 11847 | D:9      | Learned a level 1 spell: Foxfire
 12546 | D:9      | Found Ecirat's Armour Boutique.
 12642 | D:10     | Entered Level 10 of the Dungeon
 12725 | D:10     | Found a staircase to the Orcish Mines.
 12940 | D:10     | Noticed a seven-headed hydra
 13085 | D:10     | Killed a seven-headed hydra
 13226 | D:10     | Killed an unseen horror
 13416 | D:11     | Found Ahediv's Antique Armour Shop.
 13416 | D:11     | Noticed a cyan ugly thing
 13416 | D:11     | Noticed a boulder beetle
 13447 | D:11     | Noticed a two-headed ogre
 13466 | D:11     | Found a gate leading to a gauntlet.
 13469 | Gauntlet | Entered a Gauntlet
 13469 | Gauntlet | Found a transporter.
 13469 | Gauntlet | Found a transporter.
 13484 | Gauntlet | Noticed a necromancer
 13528 | Gauntlet | Found a transporter.
 13528 | Gauntlet | Found a transporter.
 13530 | Gauntlet | Noticed an entropy weaver
 13535 | Gauntlet | Noticed a sixfirhy
 13541 | Gauntlet | Found a transporter.
 13550 | Gauntlet | Found a transporter.
 13550 | Gauntlet | Noticed a sixfirhy
 13556 | Gauntlet | Noticed a glowing orange brain
 13557 | Gauntlet | Noticed a purple ugly thing
 13560 | Gauntlet | Found a transporter.
 13560 | Gauntlet | Found a transporter.
 13563 | Gauntlet | Found a transporter.
 13565 | Gauntlet | Noticed a thrashing horror
 13596 | Gauntlet | Noticed a glowing orange brain
 13609 | Gauntlet | Found a transporter.
 13614 | Gauntlet | Noticed a sixfirhy
 13617 | Gauntlet | Found a transporter.
 13617 | Gauntlet | Noticed a thrashing horror
 13643 | Gauntlet | Found a transporter.
 13688 | Gauntlet | Found a transporter.
 13703 | Gauntlet | Found a transporter.
 13819 | Gauntlet | Found a transporter.
 13821 | Gauntlet | Noticed a thrashing horror
 13837 | Gauntlet | Found a transporter.
 13953 | Gauntlet | Reached ** piety under Vehumet
 13953 | Gauntlet | Offered knowledge of Sandblast by Vehumet.
 14033 | Gauntlet | Got a pitted granite ring
 14041 | Gauntlet | Identified the ring "Qapronga" {+Fly rElec Slay+3 Stlth+}
                  | (You found it in a Gauntlet)
 14066 | Gauntlet | Got a heavily runed helmet
 14079 | Gauntlet | Identified the +1 helmet "Cucur" {rPois rF+ Regen+} (You
                  | found it in a Gauntlet)
 14102 | Gauntlet | Identified the +9 hunting sling "Tut Wul" {flame, rPois
                  | MP-9 Str+2}
 14102 | Gauntlet | Noticed a minotaur
 14128 | Gauntlet | Slain by a minotaur

Illustrated notes

Levels and vault maps discovered:
D:1:      dpeg_arrival_rooms_a, layout_loops_corners,
          hangedman_abyss_or_decor_lesser_grid
D:2:      minmay_angry_zag, layout_loops_ring, general_overflow_altar,
          lemuel_round_altar, chequers_ecumenical_altar_simple_redux, hex_medium
D:3:      layout_basic, lightli_temple_of_fire
D:4:      layout_loops_ring, temple_green, ebering_ghost_reflecting_pool,
          uniq_natasha
D:5:      layout_rooms, nicolae_overflow_hidden_temple, basic_altar,
          kennysheep_boxes, uniq_pikel, uniq_sigmund
D:6:      layout_layer_cave, zin_academy
D:7:      layout_loops_cross, nicolae_ossuary_entry_ruins, serial_shops,
          shop_coins, uniq_harold
D:8:      layout_cave_pods, nicolae_qazlal_style_of_elements, enter_bailey_6
D:9:      layout_basic, grunt_temple_overflow_open, serial_shops,
          kennysheep_little_box, lemuel_mausoleum_altar_kikubaaqudgha
D:10:     layout_long_grid, orc_0_dummy
D:11:     layout_cave_pools, erik_lair_island, gauntlet_entry_generic,
          serial_shops, shop_statue, minmay_guarded_unrand_vampires_tooth,
          uniq_fannar
Temple:   jpeg_temple_clearing
Gauntlet: gammafunk_gauntlet_branching [gammafunk_gauntlet_arena_grid,
          gammafunk_gauntlet_arena_arrow_garden, nicolae_gauntlet_swirl,
          nicolae_gauntlet_arena_blocks, gammafunk_gauntlet_arena_hedges,
          gammafunk_gauntlet_arena_teeth, gammafunk_gauntlet_arena_split_x,
          nicolae_gauntlet_arena_t_cross,
          nicolae_gauntlet_exit_dead_adventurers]

Skill      XL: |  1  2  3  4  5  6  7  8  9 10 11 |
---------------+----------------------------------+-----
Spellcasting   | 5 6 7 9 10 12 14 | 14.8
Fighting       | 1 2 3 4 |  4.7
Armour         | 1 2 3 4 |  4.1
Conjurations   | 2 3 4 6 7 8 9 |  9.0
Fire Magic     | 1 3 5 6 7 8 |  8.4
Dodging        | 3 |  3.1
Stealth        | 3 |  3.0
Air Magic      | 1 |  1.0
Poison Magic   | 1 |  1.1
Evocations     | 1 |  1.1
Ice Magic      | 1 |  1.0
Summonings     | |  1.1
Translocations | |  1.1

Action                   |  1- 3 |  4- 6 |  7- 9 | 10-12 || total
-------------------------+-------+-------+-------+-------++-------
Melee: Dagger            |    11 |    14 |       |       ||    25
       Glaive            |       |     3 |   169 |   159 ||   331
 Cast: Magic Dart        |    90 |    98 |   195 |   155 ||   538
       Call Imp          |       |    16 |     6 |    21 ||    43
       Mephitic Cloud    |       |     8 |    15 |    41 ||    64
       Conjure Flame     |       |     4 |    29 |    41 ||    74
       Blink             |       |       |     1 |    20 ||    21
       Foxfire           |       |       |       |    69 ||    69
Evoke: Wand              |       |       |     2 |     6 ||     8
  Use: Scroll            |       |       |       |     5 ||     5
 Stab: Confused          |       |       |     6 |     8 ||    14
       Sleeping          |       |       |     3 |     1 ||     4
       Distracted        |       |       |       |     1 ||     1
Armor: Robe              |     5 |       |       |       ||     5
       Leather armour    |     1 |     5 |    12 |       ||    18
       Troll leather arm |       |       |    39 |    62 ||   101
Dodge: Dodged            |    40 |    19 |   115 |   114 ||   288
